 Dungeon Crawl Stone Soup version 0.29-a0-575-g0dc89cf053 (webtiles) character file.

Game seed: 8122546095337426116

4557 Johnny the Basher (level 10, -4/88 HPs)
             Began as a Troll Berserker on June 13, 2022.
             Was an Elder of Trog.
             Slain by a two-headed ogre
             ... wielding a +0 giant spiked club
              (27 damage)
             ... on level 8 of the Dungeon.
             The game lasted 00:08:11 (6200 turns).

Johnny the Basher (Troll Berserker)                 Turns: 6200, Time: 00:08:11

Health: -4/88      AC: 10    Str: 37    XL:     10   Next: 18%
Magic:  0/9        EV: 10    Int:  3    God:    Trog [****..]
Gold:   516        SH:  0    Dex:  9    Spells: 9/9 levels left

rFire   . . .      SeeInvis .   s - +0 giant club
rCold   . . .      Faith    .   (shield currently unavailable)
rNeg    . . .      Spirit   +   h - +1 animal skin
rPois   .          Reflect  .   (helmet restricted)
rElec   .          Harm     .   N - +0 cloak
rCorr   .          Rampage  .   (gloves unavailable)
Will    ++...                   (boots unavailable)
Stlth   +.........              O - amulet of guardian spirit
HPRegen 2.04/turn               i - +6 ring of strength
MPRegen 0.11/turn               j - +4 ring of protection

@: strong-willed, regenerating
A: large, unfitting armour, claws 3, regeneration 1, shaggy fur 1, tough skin 1
a: Renounce Religion, Berserk, Trog's Hand, Brothers in Arms


You were on level 8 of the Dungeon.
You worshipped Trog.
Trog was greatly pleased with you.
You visited 2 branches of the dungeon, and saw 9 of its levels.

You collected 516 gold pieces.

Inventory:

Hand Weapons
 a - a +0 mace
 m - a +3 flail
 o - a +0 whip of venom
 s - a +0 giant club (weapon)
 y - a +0 morningstar
Armour
 h - a +1 animal skin (worn)
 N - a +0 cloak (worn)
Jewellery
 i - a +6 ring of strength (left claw)
 j - a +4 ring of protection (right claw)
 k - a +6 ring of dexterity
 n - an amulet of magic regeneration
 u - a ring of willpower
 H - a ring of fire
 O - an amulet of guardian spirit (around neck)
Wands
 A - a wand of flame (3)
 C - a wand of iceblast (18)
 K - a wand of acid (11)
 L - a wand of paralysis (5)
Scrolls
 b - 2 scrolls of magic mapping {unknown}
 c - 2 scrolls of enchant armour {unknown}
 f - 2 scrolls of amnesia
 q - 2 scrolls of fog
 r - a scroll of fear {unknown}
 t - 2 scrolls of teleportation
 v - a scroll of vulnerability
 D - a scroll of enchant weapon {unknown}
 E - a scroll of blinking {unknown}
 F - a scroll of poison {unknown}
 G - a scroll of immolation
 M - a scroll of noise {unknown}
Potions
 d - 4 potions of heal wounds
 e - 3 potions of invisibility {unknown}
 g - 2 potions of curing
 l - a potion of resistance {unknown}
 p - 3 potions of mutation {unknown}
 w - a potion of cancellation {unknown}
 x - a potion of haste {unknown}
 z - a potion of degeneration {unknown}
 B - a potion of attraction {unknown}
 I - a potion of berserk rage
 J - a potion of brilliance {unknown}


   Skills:
 - Level 2.4 Fighting
 * Level 13.8 Maces & Flails
 - Level 2.4 Dodging


You had 9 spell levels left.
You didn't know any spells.
Your spell library contained the following spells:

 Spells                   Type           Power      Damage    Failure   Level
 Gell's Gravitas          Tloc           0%         N/A       88%         3
 Teleport Other           Tloc           0%         N/A       88%         3
 Dispersal                Tloc           0%         N/A       100%        6


Dungeon Overview and Level Annotations

Branches:
Dungeon (8/15)             Temple (1/1) D:6            Lair (0/6) D:8

Altars:
Ashenzari
Cheibriados
Dithmenos
Elyvilon
Gozag
Hepliaklqana
Kikubaaqudgha
Makhleb
Nemelex Xobeh
Okawaru
Qazlal
Ru
Trog
Uskayaw
Vehumet
Xom
Yredelemnul
Zin
The Shining One
Lugonu

Annotations:
D:5 Duvessa


Innate Abilities, Weirdness & Mutations

You are too large for most types of armour.
You have claws for hands.
Your natural rate of healing is unusually fast.
You are covered in fur. (AC +1)
You have tough skin. (AC +1)


Message History

You bludgeon the jelly!!
You kill the jelly!
Trog accepts your kill.
Found a stone staircase leading down.
There is a stone staircase leading down here.
Found a robe.
Found a lumpy soapstone amulet.
Found a rapier.
O - an amulet of guardian spirit
There are no items here.
You start putting on your amulet.
You continue putting on your amulet of guardian spirit. x5
You finish putting on your amulet of guardian spirit.
You feel your power drawn to a protective spirit.
O - an amulet of guardian spirit (around neck)
Found a stone staircase leading down.
An ice beast comes into view.
Found a scroll labelled FUYDECV ANIRIH.
You hear the faint creaking of a very distant portcullis.
The ice beast hits you but does no damage.
You bludgeon the ice beast!!
You kill the ice beast!
Trog accepts your kill.
You hear two shouts!
A two-headed ogre comes into view.
It is wielding a +0 giant spiked club and a +0 giant club.
Found 2 boomerangs and a helmet.
The wyvern hisses angrily.
The two-headed ogre hits you with a +0 giant spiked club!!
The two-headed ogre hits you with a +0 giant club!
The two-headed ogre attacks as you move away!
The two-headed ogre hits you with a +0 giant spiked club!!
* * * LOW HITPOINT WARNING * * *
The two-headed ogre hits you with a +0 giant club!
* * * LOW HITPOINT WARNING * * *
Your skin crawls.
You feel strong-willed.
Unknown command.
The two-headed ogre attacks as you move away!
The two-headed ogre hits you with a +0 giant spiked club!!
You die...

.... #..............
#...###....#####.....
#..#......# ######
#........#
##.......####
#..........#
##>........#
########........#
#.....@Ol.........(
#.#######..........
#.........?
#...###.... #...#
[... #...# .. ...#


You could see a two-headed ogre and a wyvern.

Vanquished Creatures
  The ghost of Iidacon the Cudgeller, a novice MeFi of Makhleb (D:6)
  Prince Ribbit (D:6)
  Eustachio (D:5)
  A vampire (D:8)
  A yak (D:5)
  2 water moccasins
  An acid dragon (D:5)
  2 black bears
  6 ice beasts
  An orc warrior (D:7)
  2 centaurs (D:5)
  2 ogres
  A phantom (D:7)
  2 wyvern zombies (D:6)
  2 necrophages
  5 scorpions
  7 wights
  Dowan (D:5)
  4 hounds
  4 jellies
  A wyvern simulacrum (D:6)
  2 gnoll shamans
  2 orc priests
  Crazy Yiuf (D:7)
  8 iguanas
  6 orc wizards
  A killer bee simulacrum (D:6)
  Robin (D:2)
  7 gnolls
  11 adders
  2 shadow imps (D:6)
  7 white imps
  A worm (D:3)
  2 dart slugs
  31 orcs
  6 endoplasms
  2 giant cockroaches
  12 goblins
  7 hobgoblins
  3 jackals (D:2)
  5 quokkas
  7 ball pythons
  7 bats
  4 frilled lizards
  7 kobolds
  7 rats
197 creatures vanquished.

Notes
Turn   | Place    | Note
-------+----------+-------------------------------------------
     0 | D:1      | Johnny the Troll Berserker began the quest for the Orb.
     0 | D:1      | Reached XP level 1. HP: 22/22 MP: 0/0
   101 | D:1      | Reached skill level 3 in Maces & Flails
   111 | D:1      | Reached XP level 2. HP: 29/29 MP: 1/1
   776 | D:2      | Reached XP level 3. HP: 34/36 MP: 2/2
   821 | D:2      | Reached ** piety under Trog
   981 | D:2      | Reached skill level 4 in Maces & Flails
  1023 | D:2      | Noticed Robin
  1040 | D:2      | Killed Robin
  1416 | D:3      | Reached XP level 4. HP: 44/44 MP: 3/3
  1660 | D:3      | Found a faded altar of an unknown god.
  1671 | D:3      | Reached skill level 5 in Maces & Flails
  1797 | D:3      | Reached *** piety under Trog
  1859 | D:3      | Reached XP level 5. HP: 49/50 MP: 4/4
  2323 | D:4      | Found an opulent altar of Gozag.
  2491 | D:4      | Reached skill level 6 in Maces & Flails
  2504 | D:4      | Reached XP level 6. HP: 59/59 MP: 5/5
  2676 | D:4      | Found a glowing silver altar of Zin.
  2676 | D:4      | Noticed an angel
  2859 | D:4      | Reached skill level 7 in Maces & Flails
  3084 | D:5      | Entered Level 5 of the Dungeon
  3102 | D:5      | Noticed Dowan
  3103 | D:5      | Noticed Duvessa
  3105 | D:5      | Noticed Eustachio
  3153 | D:5      | Found a hide-covered altar of Uskayaw.
  3153 | D:5      | Found a sparkling altar of Nemelex Xobeh.
  3157 | D:5      | Found an iron altar of Okawaru.
  3158 | D:5      | Found a bloodstained altar of Trog.
  3198 | D:5      | Noticed a water moccasin
  3204 | D:5      | Killed a water moccasin
  3205 | D:5      | Reached XP level 7. HP: 66/66 MP: 6/6
  3319 | D:5      | Reached skill level 8 in Maces & Flails
  3351 | D:5      | Noticed a yak
  3374 | D:5      | Killed a yak
  3413 | D:5      | Reached skill level 9 in Maces & Flails
  3413 | D:5      | Reached XP level 8. HP: 66/69 MP: 7/7
  3530 | D:5      | Found a broken altar of Ashenzari.
  3569 | D:5      | Killed Eustachio
  3570 | D:5      | Reached skill level 10 in Maces & Flails
  3743 | D:5      | Killed Dowan
  3743 | D:5      | Reached **** piety under Trog
  3942 | D:5      | Found a snail-covered altar of Cheibriados.
  3996 | D:6      | Found a staircase to the Ecumenical Temple.
  4040 | D:6      | Reached skill level 11 in Maces & Flails
  4066 | D:6      | Found a runed translucent gate.
  4067 | D:6      | Found a runed translucent gate.
  4067 | D:6      | Found a runed translucent gate.
  4074 | D:6      | Reached XP level 9. HP: 80/80 MP: 8/8
  4102 | D:6      | Noticed Iidacon's ghost (novice MeFi)
  4298 | D:6      | Found a basalt altar of Yredelemnul.
  4434 | D:6      | Noticed Prince Ribbit
  4450 | D:6      | Killed Prince Ribbit
  4617 | D:6      | Reached skill level 12 in Maces & Flails
  5078 | D:6      | Killed Iidacon's ghost
  5123 | Temple   | Entered the Ecumenical Temple
  5210 | D:7      | Reached skill level 13 in Maces & Flails
  5396 | D:7      | Found a runed translucent door.
  5397 | D:7      | Noticed Crazy Yiuf
  5494 | D:7      | Found an ancient bone altar of Kikubaaqudgha.
  5523 | D:7      | Found a shimmering altar of Xom.
  5728 | D:7      | Reached XP level 10. HP: 84/84 MP: 9/9
  5906 | D:7      | Found a glowing golden altar of the Shining One.
  6022 | D:7      | Killed Crazy Yiuf
  6126 | D:8      | Found a staircase to the Lair.
  6126 | D:8      | Noticed an elephant
  6192 | D:8      | Noticed a two-headed ogre
  6200 | D:8      | Slain by a two-headed ogre

Illustrated notes

Levels and vault maps discovered:
D:1:      minmay_arrival_arboretum_small, layout_loops_ring
D:2:      layout_basic, uniq_robin
D:3:      layout_loops_corners, nicolae_ecumenical_snake_handling
D:4:      layout_basic, nicolae_gozag_cash_rules_everything_around_me, zin_angel
D:5:      cheibrodos_fzero, layout_rooms, mainiacjoe_overflow_cross_hatched,
          nicolae_overflow_hidden_temple, grunt_temple_overflow_bloody_war,
          uniq_duvessa, uniq_eustachio
D:6:      layout_basic, lemuel_zombie_altar_yredelemnul, temple_doors_cd,
          gammafunk_ghost_icy, uniq_prince_ribbit1
D:7:      layout_loops_ring, nicolae_tso_swordbearing_angel,
          mainiacjoe_overflow_two_lobes, uniq_crazy_yiuf_cottage
D:8:      layout_basic, david_lair_generic, enter_bailey_3
Temple:   corrupted_temple

Skill      XL: |  1  2  3  4  5  6  7  8  9 |
---------------+----------------------------+-----
Maces & Flails | 3 4 5 6 7 9 11 13 | 13.8
Fighting       | |  2.4
Dodging        | |  2.4

Action                   |  1- 3 |  4- 6 |  7- 9 | 10-12 || total
-------------------------+-------+-------+-------+-------++-------
Melee: Mace              |   148 |    63 |       |       ||   211
       Punch             |       |     1 |     1 |       ||     2
       Whip              |       |    72 |    65 |       ||   137
       Flail             |       |    19 |   184 |       ||   203
       Giant club        |       |    39 |    59 |    55 ||   153
Invok: Berserk           |     2 |     5 |     7 |     1 ||    15
       Trog's Hand       |     1 |       |     5 |     1 ||     7
  Use: Scroll            |       |     5 |     1 |       ||     6
Armor: Animal skin       |    77 |    98 |   104 |    14 ||   293
Dodge: Dodged            |   112 |   121 |   152 |    22 ||   407

Table legend: (Time is in decaauts)
 A = Elapsed time spent in this place.
 B = Non-inter-level travel time spent in this place.
 C = Inter-level travel time spent in this place.
 D = Time resting spent in this place.
 E = Time spent auto-exploring this place.
 F = Levels seen in this place.
 G = Mean time per level.
                   A        B        C        D        E       F      G
               +--------+--------+--------+--------+--------+-----+--------+
         Total |   6285 |   5934 |    351 |    317 |   4140 |   9 |  698.3 |
       Dungeon |   6229 |   5891 |    338 |    317 |   4104 |   8 |  778.6 |
        Temple |     55 |     42 |     13 |      0 |     36 |   1 |   55.0 |
               +--------+--------+--------+--------+--------+-----+--------+

Top non-repeatable levels by time:
     D:6: 1153 daAuts
     D:3: 987 daAuts
     D:7: 888 daAuts
     D:5: 886 daAuts
     D:4: 800 daAuts
     D:1: 716 daAuts
     D:2: 688 daAuts
     D:8: 108 daAuts
  Temple: 55 daAuts
